[Event "Team 45 45 League T53"]
[Site "Internet Chess Club"]
[Date "2012.06.21"]
[Round "6"]
[White "MarioFrank"]
[Black "Logos1"]
[Result "0-1"]
[WhiteElo "1904"]
[BlackElo "1971"]
[Opening "QGD: Tartakower (Makagonov-Bondarevsky) system"]
[ECO "D58"]
[Time "15:00:52"]
[TimeControl "2700+45"]

1. d4 d5 2. c4 e6 3. Nc3 Be7 4. Nf3 Nf6 5. Bg5 h6 6. Bh4 O-O 7. e3 b6 8. Be2 Bb7
9. Bxf6 Bxf6 10. cxd5 exd5 11. b4 Nd7 12. O-O c5 13. bxc5 bxc5 14. Rb1 Nb6 15.
dxc5 Bxc3 16. cxb6 axb6 17. Nd4 Qf6 18. a4 Rfd8 19. Bb5 Rac8 20. Qd3 Rc5 21.
Rfd1 Ba5 22. Qf5 Qe7 23. Bd3 g6 24. Qf4 Kg7 25. h4 h5 26. Nb3 Rc7 27. Nxa5 bxa5
28. Qd4+ Qf6 29. Qxf6+ Kxf6 30. Rb5 Ra8 31. Rdb1 Ra7 32. Kf1 Ke7 33. Rb6 Bc8 34.
Ke2 Rc3 35. R1b3 Rc1 36. Rb1 Rxb1 37. Rxb1 Bd7 38. Bb5 Rb7 39. Kd2 Kd6 40. f3
Bxb5 41. axb5 Kc5 42. Kd3 Rxb5 43. Rc1+ Kd6 44. Rc8 Rb3+ 45. Kd4 Rb4+ 46. Kd3
Rb3+ 47. Kd4 Rb4+ 48. Kd3 Rxh4 49. e4 dxe4+ 50. fxe4 a4 51. Ra8 Rg4 52. Rxa4
Rxg2 53. Ke3 Rg3+ 54. Kf4 Rg4+ 55. Kf3 Ke7 56. Ra6 g5 57. Ra5 Kf6 58. Ra6+ Kg7
59. Rb6 Rf4+ 60. Ke3 Rf6 61. Rb5 Kg6 62. Rb8 g4 63. Rh8 Kg5 {White resigns} 0-1

[Event "Team 45 45 League T53"]
[Site "Internet Chess Club"]
[Date "2012.06.25"]
[Round "6"]
[White "kidcobra"]
[Black "zozobob"]
[Result "1/2-1/2"]
[WhiteElo "1760"]
[BlackElo "2057"]
[Opening "Sicilian: Kan, 5.Nc3"]
[ECO "B43"]
[Time "11:09:41"]
[TimeControl "2700+45"]

1. e4 c5 2. Nf3 e6 3. d4 cxd4 4. Nxd4 a6 5. Nc3 Qc7 6. g3 Nc6 7. Nxc6 dxc6 8.
Bg2 e5 9. O-O Bc5 10. Kh1 h5 11. Na4 Ba7 12. Bd2 b5 13. Nc3 Bg4 14. Bf3 Rd8 15.
Bxg4 hxg4 16. Qxg4 Qd7 17. Qxd7+ Rxd7 18. Rad1 Nf6 19. f3 Bd4 20. b3 Ke7 21. Ne2
Rhd8 22. Bb4+ Ke6 23. Bc3 Bxc3 24. Nxc3 Rd2 25. Kg1 b4 26. Rxd2 Rxd2 27. Na4
Rxc2 28. Rf2 Rc1+ 29. Rf1 Rc2 30. Rf2 Rc1+ 31. Rf1 {Game drawn by mutual
agreement} 1/2-1/2

[Event "Team 45 45 League T53"]
[Site "Internet Chess Club"]
[Date "2012.06.26"]
[Round "6"]
[White "MikeA"]
[Black "qlwqznzn"]
[Result "1/2-1/2"]
[WhiteElo "2230"]
[BlackElo "2373"]
[Opening "Sicilian: Alapin's variation (2.c3)"]
[ECO "B22"]
[Time "06:03:47"]
[TimeControl "2700+45"]

1. e4 c5 2. c3 e6 3. Nf3 d5 4. exd5 exd5 5. d4 Nc6 6. Bb5 Bd6 7. dxc5 Bxc5 8.
O-O Ne7 9. Nbd2 O-O 10. Nb3 Bd6 11. Re1 Bg4 12. h3 Bh5 13. Be2 a6 14. Be3 Re8
15. Bc5 Bc7 16. Nbd4 b6 17. Bxe7 Nxe7 18. Ne5 Bxe2 19. Rxe2 Qd6 20. Nef3 Ng6 21.
Rxe8+ Rxe8 22. Qd3 Nf4 23. Qxa6 Qg6 24. Qf1 Nxh3+ 25. Kh1 Nf4 26. g3 Nd3 27. Rd1
Nc5 28. Kg2 Ne4 29. Qb5 Rd8 30. Nc6 Re8 31. Qxd5 {Game drawn by mutual
agreement} 1/2-1/2

[Event "Team 45 45 League T53"]
[Site "Internet Chess Club"]
[Date "2012.06.24"]
[Round "6"]
[White "michaelq2d5"]
[Black "mcplayerus"]
[Result "1-0"]
[WhiteElo "2139"]
[BlackElo "2026"]
[Opening "QGD Slav: exchange variation"]
[ECO "D13"]
[Time "10:08:03"]
[TimeControl "2700+45"]

1. d4 d5 2. c4 c6 3. cxd5 cxd5 4. Nf3 Nf6 5. Nc3 Nc6 6. Bf4 a6 7. Rc1 e6 8. e3
Be7 9. Bd3 O-O 10. O-O Nh5 11. Be5 f5 12. a3 Bd7 13. Qb3 Na5 14. Qa2 Nc6 15. b4
Nf6 16. h3 Ne4 17. Bh2 Rc8 18. Na4 Bd6 19. Bxd6 Nxd6 20. Nc5 Qe7 21. Qb2 Be8 22.
a4 a5 23. bxa5 Nxa5 24. Ne5 Nc6 25. f4 Rc7 26. Rb1 Bf7 27. Rfc1 g5 28. Nxb7 Nxe5
29. Rxc7 Qxc7 30. fxe5 Nxb7 31. Qxb7 Qc3 32. Qb3 Qd2 33. Bb5 f4 34. Rd1 Qxe3+
35. Qxe3 fxe3 36. Re1 Rc8 37. Rxe3 Rc1+ 38. Kf2 Ra1 39. Rc3 Bg6 40. g4 Be4 41.
Rc8+ Kg7 42. Rc7+ Kf8 43. Ra7 Ra2+ 44. Ke1 Bg2 45. Rxh7 Kg8 46. Rh6 Kf7 47. Bd7
Ke7 48. Rh7+ Kf8 49. Bxe6 Rxa4 50. Rf7+ Ke8 51. Bd7+ Kxf7 52. Bxa4 Bxh3 53. Bd1
Bg2 54. Kf2 Be4 55. Bf3 Bc2 56. Bxd5+ Ke7 57. Ke3 Bd1 58. Bf3 Bc2 59. Be4 Bd1
60. Bf5 Bb3 61. Kd2 Kd8 62. Kc3 Bd5 63. Kb4 {Black resigns} 1-0

[Event "Team 45 45 League T53"]
[Site "Internet Chess Club"]
[Date "2012.06.25"]
[Round "6"]
[White "QueensCounselor"]
[Black "M-Abotreka"]
[Result "1-0"]
[WhiteElo "2096"]
[BlackElo "2078"]
[Opening "Neo-Grünfeld, 6.cd Nxd5, 7.O-O Nb6"]
[ECO "D76"]
[Time "15:00:30"]
[TimeControl "2700+45"]

1. d4 Nf6 2. c4 g6 3. Nf3 Bg7 4. g3 O-O 5. Bg2 d5 6. cxd5 Nxd5 7. O-O Nb6 8. Nc3
Nc6 9. e3 e5 10. d5 Na5 11. e4 c6 12. dxc6 Nxc6 13. Bg5 Bf6 14. Qxd8 Bxd8 15.
Be3 Bg4 16. Rfd1 Bxf3 17. Bxf3 Nd4 18. Bxd4 exd4 19. Rxd4 Bf6 20. Rd3 Nc4 21.
Nd5 Bxb2 22. Rb1 b6 23. Bg2 Ne5 24. Rd2 Ba3 25. f4 Bc5+ 26. Kf1 Nc4 27. Rd3 Rad8
28. Ke2 Kg7 29. e5 h5 30. a4 Kh6 31. Rc1 Na5 32. Rcd1 Nc6 33. h3 Ne7 34. Nxe7
Bxe7 35. Rd7 Rxd7 36. Rxd7 Bb4 37. Bd5 f6 38. e6 a6 39. Kd3 Re8 40. Ke4 f5+ 41.
Ke5 Bc3+ 42. Kd6 Bb4+ 43. Kc7 b5 44. axb5 axb5 45. Rf7 Ba5+ 46. Kc6 Bb4 47. Kd7
Rb8 48. e7 Bxe7 49. Rxe7 g5 50. Re6+ Kg7 51. fxg5 {Black resigns} 1-0

[Event "Team 45 45 League T53"]
[Site "Internet Chess Club"]
[Date "2012.06.24"]
[Round "6"]
[White "fledermaus"]
[Black "AmrSobh"]
[Result "1/2-1/2"]
[WhiteElo "1958"]
[BlackElo "2199"]
[Opening "Bogo-Indian defense, Nimzovich variation"]
[ECO "E11"]
[Time "12:09:51"]
[TimeControl "2700+45"]

1. d4 Nf6 2. c4 e6 3. Nf3 Bb4+ 4. Bd2 Qe7 5. Nc3 O-O 6. Qc2 c5 7. a3 Bxc3 8.
Bxc3 cxd4 9. Nxd4 d5 10. Bb4 Qd8 11. Bxf8 Qxf8 12. cxd5 exd5 13. e3 Nbd7 14. Bd3
Ne5 15. O-O Bd7 16. Bf5 Bxf5 17. Nxf5 g6 18. Nd4 Rc8 19. Qe2 Qd6 20. h3 a6 21.
Rac1 Rd8 22. Rfd1 b5 23. Nf3 Nc4 24. Rd4 Qe7 25. Qc2 Rd7 26. Qb3 Ne4 27. Rcd1
Qe6 28. Qb4 h5 29. b3 Nb6 30. Rc1 Ng3 31. Qd2 Ne4 32. Qc2 Qe7 33. Qb2 Rd6 34.
Nd2 Ng5 35. Rd3 a5 36. h4 Ne6 37. Nf3 a4 38. bxa4 bxa4 39. Qb4 Qd8 40. Rdc3 d4
41. Nxd4 Nxd4 42. exd4 Nd5 43. Qxa4 Nxc3 44. Rxc3 Rxd4 45. Rc8 Qxc8 46. Qxd4
Qc1+ 47. Kh2 Qxa3 48. Qd8+ {Game drawn by mutual agreement} 1/2-1/2

[Event "Team 45 45 League T53"]
[Site "Internet Chess Club"]
[Date "2012.06.22"]
[Round "6"]
[White "Warpdrive"]
[Black "Hapa-Haole"]
[Result "1/2-1/2"]
[WhiteElo "1631"]
[BlackElo "1626"]
[Opening "Caro-Kann: advance variation"]
[ECO "B12"]
[Time "21:00:19"]
[TimeControl "2700+45"]

1. e4 c6 2. d4 d5 3. e5 Bf5 4. Nf3 e6 5. Be3 Qb6 6. b3 Nd7 7. Bd3 Bxd3 8. Qxd3
c5 9. c3 f6 10. O-O fxe5 11. Nxe5 Nxe5 12. dxe5 Qc7 13. Qb5+ Qc6 14. Qxc6+ bxc6
15. Nd2 h6 16. f4 Be7 17. Nf3 a5 18. a3 Rb8 19. Rfb1 Bf8 20. b4 cxb4 21. axb4
axb4 22. cxb4 Ne7 23. Nd4 Kd7 24. Ra7+ Kc8 25. Nxe6 Rb7 26. Ra8+ Rb8 27. Rba1
Nf5 28. Bc5 Bxc5+ 29. bxc5 Re8 30. g4 Ne3 31. Nd4 g5 32. Nxc6 Rxa8 33. Rxa8+ Kd7
34. Rxe8 Kxe8 35. fxg5 hxg5 36. h3 Kd7 37. Nd4 Nc4 38. Nf3 Ke6 39. c6 d4 40.
Nxd4+ Kxe5 41. Nf3+ Kf6 42. c7 Nd6 43. Kf2 Nc8 44. Ke3 Nd6 45. Kd4 Nb5+ 46. Kc5
Nxc7 47. Kd4 Ne6+ 48. Ke4 Nc5+ 49. Ke3 Ne6 50. Nxg5 Kxg5 51. Kf3 Kh4 52. Ke2
{Game drawn by mutual agreement} 1/2-1/2

[Event "Team 45 45 League T53"]
[Site "Internet Chess Club"]
[Date "2012.06.24"]
[Round "6"]
[White "Lee-D"]
[Black "dschesq"]
[Result "0-1"]
[WhiteElo "1473"]
[BlackElo "1602"]
[Opening "Queen's pawn: London system"]
[ECO "A45"]
[Time "10:03:29"]
[TimeControl "2700+45"]

1. d4 Nf6 2. Bf4 e6 3. Nf3 c5 4. c3 b6 5. e3 cxd4 6. cxd4 Bb7 7. Bd3 Nc6 8. Nbd2
Nb4 9. Be2 Rc8 10. O-O Be7 11. a3 Nc6 12. Nc4 d6 13. h3 b5 14. Ncd2 a6 15. b4
O-O 16. Rc1 Qb6 17. Nb3 Rfe8 18. Bd3 Bf8 19. e4 e5 20. dxe5 dxe5 21. Be3 Qd8 22.
Nc5 Bxc5 23. Bxc5 Nd4 24. Re1 Ne6 25. Nh4 Nxc5 26. Rxc5 Rxc5 27. bxc5 Nd7 28.
Nf5 Nxc5 29. Qg4 Qf6 30. Bb1 Rd8 31. f3 Kf8 32. Ba2 Bc8 33. Qh4 Qxh4 34. Nxh4
Be6 35. Bb1 Rd2 36. g4 Nd3 37. Bxd3 Rxd3 38. Ra1 Ke7 39. Ng2 Rxf3 40. Kh2 h5 41.
Ne1 Re3 42. Nc2 Re2+ 43. Kg3 Rxc2 44. gxh5 Rc3+ 45. Kh4 Rxh3+ {White resigns}
0-1

[Event "Team 45 45 League T53"]
[Site "Internet Chess Club"]
[Date "2012.06.24"]
[Round "6"]
[White "AtomicDog"]
[Black "parrot9"]
[Result "0-1"]
[WhiteElo "1388"]
[BlackElo "1611"]
[Opening "Sicilian: Najdorf"]
[ECO "B90"]
[Time "09:04:50"]
[TimeControl "2700+45"]

1. e4 c5 2. Nf3 d6 3. d4 cxd4 4. Nxd4 Nf6 5. Nc3 a6 6. f3 e6 7. Be3 b5 8. g4 Bb7
9. g5 Nfd7 10. f4 b4 11. Na4 Bxe4 12. Rg1 Be7 13. Qd2 Qa5 14. b3 Nc6 15. Bd3 Bd5
16. Rg3 Nxd4 17. Bxd4 e5 18. Bb2 Bc6 19. Bc4 d5 20. Bf1 f6 21. Bg2 O-O 22. Rd1
e4 23. Qd4 Qc7 24. Rg4 Rf7 25. c4 dxc4 26. Qxc4 Re8 27. Rc1 Qa7 28. Bd4 Qb8 29.
Qxc6 Bd6 30. Be3 fxg5 31. Rc4 gxf4 32. Bd2 f3 33. Kf2 fxg2+ 34. Kxg2 Ne5 35.
Qxe4 Nxg4 36. Qxg4 Qb7+ {White resigns} 0-1

[Event "Team 45 45 League T53"]
[Site "Internet Chess Club"]
[Date "2012.06.22"]
[Round "6"]
[White "badmove"]
[Black "jotap"]
[Result "1-0"]
[WhiteElo "1778"]
[BlackElo "1644"]
[Opening "QGD: 4.Nf3"]
[ECO "D37"]
[Time "17:06:50"]
[TimeControl "2700+45"]

1. d4 d5 2. c4 Nf6 3. Nc3 e6 4. Nf3 b6 5. Bg5 Be7 6. e3 O-O 7. Bd3 Bb7 8. O-O
Nbd7 9. Rc1 Rc8 10. cxd5 exd5 11. Qe2 c5 12. Ba6 Qc7 13. dxc5 bxc5 14. Bxb7 Qxb7
15. Rfd1 Bd6 16. Qb5 Qa8 17. Nxd5 Rb8 18. Nxf6+ Nxf6 19. Qe2 Be7 20. Rc2 Qc6 21.
Rdc1 Rfc8 22. a3 Rb7 23. b4 Rb5 24. Nd4 {Black resigns} 1-0

[Event "Team 45 45 League T53"]
[Site "Internet Chess Club"]
[Date "2012.06.24"]
[Round "6"]
[White "PaulRichard"]
[Black "mamaya"]
[Result "1-0"]
[WhiteElo "1572"]
[BlackElo "1484"]
[Opening "Ruy Lopez: classical (Cordel) defense"]
[ECO "C64"]
[Time "11:16:25"]
[TimeControl "2700+45"]

1. e4 e5 2. Nf3 Nc6 3. Bb5 Bc5 4. O-O d6 5. c3 a6 6. Ba4 Nf6 7. Re1 O-O 8. d4
Ba7 9. Bg5 Bg4 10. h3 Bxf3 11. Qxf3 exd4 12. Bxc6 bxc6 13. e5 Re8 14. Re4 dxe5
15. Qf5 dxc3 16. Nxc3 Nh5 17. Bxd8 Ng3 18. Qf3 Nxe4 19. Qxe4 Raxd8 20. Qxc6 Re6
21. Qxc7 Bb6 22. Qc4 Rf6 23. Qe2 h6 24. Rd1 Bd4 25. Kh1 Rxf2 26. Qxa6 Rb8 27.
Rc1 Rbxb2 28. Qc8+ Kh7 29. Qg4 Be3 30. Qe4+ g6 31. Qxe3 Rxg2 32. Qf3 Rh2+ 33.
Kg1 f5 34. Rb1 e4 35. Qg3 Rxb1+ 36. Nxb1 Rxa2 37. Qc7+ Kh8 38. Qe5+ Kh7 39. Qe7+
Kh8 40. Qf6+ Kh7 41. Qf7+ Kh8 42. Qxa2 {Black resigns} 1-0

[Event "Team 45 45 League T53"]
[Site "Internet Chess Club"]
[Date "2012.06.26"]
[Round "6"]
[White "palm47"]
[Black "houseofcook"]
[Result "1-0"]
[WhiteElo "1558"]
[BlackElo "1476"]
[Opening "English: Caro-Kann defensive system, Bogolyubov variation"]
[ECO "A12"]
[Time "13:00:41"]
[TimeControl "2700+45"]

1. Nf3 d5 2. c4 c6 3. b3 Bg4 4. Ne5 Bf5 5. g3 Nd7 6. Bb2 Qc7 7. d4 Ngf6 8. Bg2
e6 9. O-O Bd6 10. f4 O-O 11. Nc3 Ng4 12. Qc1 f6 13. Nxg4 Bxg4 14. e4 Rae8 15.
cxd5 exd5 16. e5 fxe5 17. fxe5 Be7 18. Nxd5 Qd8 19. Nxe7+ Qxe7 20. Ba3 Rxf1+ 21.
Bxf1 Qd8 22. Bc4+ Be6 23. Bxe6+ Rxe6 24. Bd6 Kh8 25. Qd2 Nb6 26. Rf1 Re8 27. Rf7
Nd5 28. Qf2 h6 29. Rxb7 Qa5 30. Bc5 Qc3 31. Rf7 Qc1+ 32. Kg2 Ne3+ 33. Kh3 Nd5
34. Rf8+ Rxf8 35. Qxf8+ Kh7 36. Qf7 Qg5 37. e6 Ne3 38. Qf3 Nf5 39. g4 Ne7 40.
Bxe7 Qxe7 41. Qe4+ Kg8 42. Qxc6 Qf6 43. Qe8+ Kh7 44. Qf7 Qxd4 45. Qf5+ Kg8 46.
Kh4 g5+ 47. Kh5 Qd8 48. Kxh6 Qf8+ 49. Qxf8+ Kxf8 50. Kxg5 {Black resigns} 1-0

[Event "Team 45 45 League T53"]
[Site "Internet Chess Club"]
[Date "2012.06.24"]
[Round "6"]
[White "LittleButton"]
[Black "AVEMARIA"]
[Result "1-0"]
[WhiteElo "1723"]
[BlackElo "1708"]
[Opening "Scandinavian (center counter) defense"]
[ECO "B01"]
[Time "16:00:52"]
[TimeControl "2700+45"]

1. e4 d5 2. exd5 Qxd5 3. Nc3 Qa5 4. d4 Nf6 5. Bc4 Bf5 6. Bd2 c6 7. Nge2 e6 8.
Ng3 Bg4 9. f3 Bh5 10. Nd5 Qd8 11. Nxf6+ Qxf6 12. Nxh5 Qxd4 13. Qe2 Qh4+ 14. Ng3
Bd6 15. O-O-O b5 16. Nf5 {Black resigns} 1-0

[Event "Team 45 45 League T53"]
[Site "Internet Chess Club"]
[Date "2012.06.21"]
[Round "6"]
[White "tightfist"]
[Black "Skeptic1972"]
[Result "1-0"]
[WhiteElo "1517"]
[BlackElo "1599"]
[Opening "English opening"]
[ECO "A17"]
[Time "12:30:38"]
[TimeControl "3600+30"]

1. c4 e6 2. Nc3 Nf6 3. g3 Bb4 4. Bg2 c5 5. Nf3 Nc6 6. O-O O-O 7. Qc2 Bxc3 8.
dxc3 Rb8 9. Bf4 d6 10. Rfd1 e5 11. Nxe5 Nxe5 12. Bxe5 Ne8 13. Qd2 Bg4 14. h3 Be6
15. b3 Qe7 16. Bxd6 Nxd6 17. Qxd6 Qxd6 18. Rxd6 b6 19. Rad1 Rfe8 20. e3 Kf8 21.
g4 Ke7 22. Bc6 f5 {Black resigns} 1-0

[Event "Team 45 45 League T53"]
[Site "Internet Chess Club"]
[Date "2012.06.23"]
[Round "6"]
[White "chrisgianno"]
[Black "whiskeytown"]
[Result "1-0"]
[WhiteElo "1654"]
[BlackElo "1434"]
[Opening "King's Indian: Torre attack"]
[ECO "A48"]
[Time "12:18:53"]
[TimeControl "2700+45"]

1. d4 Nf6 2. Nf3 g6 3. Bg5 Bg7 4. e3 d6 5. Be2 Nbd7 6. Nbd2 b6 7. c3 Bb7 8. Qc2
c5 9. O-O cxd4 10. cxd4 O-O 11. Rac1 Rc8 12. Qa4 a5 13. Rc3 Rxc3 14. bxc3 Qc7
15. c4 Ba6 16. Rb1 Rb8 17. Kf1 d5 18. Bf4 e5 19. Nxe5 Nxe5 20. Bxe5 Qd7 21. Qxd7
Nxd7 22. Bxb8 Nxb8 23. Rxb6 {Black resigns} 1-0

[Event "Team 45 45 League T53"]
[Site "Internet Chess Club"]
[Date "2012.06.26"]
[Round "6"]
[White "Kingpatzer"]
[Black "vigneshv"]
[Result "1-0"]
[WhiteElo "1409"]
[BlackElo "1521"]
[Opening "QGD semi-Slav: Bogolyubov variation"]
[ECO "D45"]
[Time "11:28:09"]
[TimeControl "2700+45"]

1. d4 e6 2. c4 d5 3. Nc3 c6 4. Nf3 Nf6 5. e3 Be7 6. Bd3 Nbd7 7. Qc2 c5 8. O-O
Nb6 9. cxd5 Nbxd5 10. Nxd5 Qxd5 11. e4 Qd8 12. e5 Nd7 13. dxc5 Nxc5 14. Bxh7 b6
15. Rd1 Qc7 16. b4 Na6 17. Qxc7 Nxc7 18. Be4 Rb8 19. Bc6+ Kf8 20. b5 g6 21. Bg5
Bxg5 22. Nxg5 Kg7 23. Rac1 Rh5 24. f4 Rh8 25. Rd3 Rh6 26. a4 Rh8 27. Rcc3 Rh6
28. Rd8 Rh8 29. Rxh8 Kxh8 30. Nxf7+ Kg8 31. Ng5 Bb7 32. Bd7 Nd5 33. Bxe6+ Kg7
34. Bxd5 Bxd5 35. Rc7+ Kh6 36. e6 Re8 37. Rh7# {Black checkmated} 1-0

[Event "Team 45 45 League T53"]
[Site "Internet Chess Club"]
[Date "2012.06.26"]
[Round "6"]
[White "chiiwen"]
[Black "steadman"]
[Result "1/2-1/2"]
[WhiteElo "2164"]
[BlackElo "2196"]
[Opening "Réti: King's Indian attack"]
[ECO "E62"]
[Time "19:00:13"]
[TimeControl "2700+45"]

1. Nf3 Nf6 2. g3 g6 3. Bg2 Bg7 4. O-O O-O 5. c4 d6 6. Nc3 Nc6 7. d4 Rb8 8. h3 a6
9. e4 b5 10. cxb5 axb5 11. Re1 e6 12. Qc2 b4 13. Ne2 Bb7 14. Nf4 Na5 15. Bd2 c5
16. dxc5 dxc5 17. Rad1 Qe7 18. Ne5 Rfd8 19. b3 Nd7 20. Nxd7 Rxd7 21. Be3 Bd4
{Game drawn by mutual agreement} 1/2-1/2

[Event "Team 45 45 League T53"]
[Site "Internet Chess Club"]
[Date "2012.06.23"]
[Round "6"]
[White "Kueh"]
[Black "pmcglothin"]
[Result "1-0"]
[WhiteElo "1994"]
[BlackElo "1880"]
[Opening "Modern defense: Averbakh system"]
[ECO "E70"]
[Time "06:30:42"]
[TimeControl "2700+45"]

1. e4 g6 2. d4 Bg7 3. c4 d6 4. Nc3 Nf6 5. Be3 Ng4 6. Bg5 h6 7. Bh4 c6 8. f3 Nf6
9. Bd3 Qb6 10. Nge2 e5 11. Bf2 Qc7 12. O-O O-O 13. b4 Nbd7 14. d5 a5 15. a3 Re8
16. Qb3 Bf8 17. Rfc1 Nh5 18. Na4 Nf4 19. c5 dxc5 20. bxc5 Qd8 21. Bc4 Qf6 22. d6
Ne6 23. Rd1 Kh7 24. Rab1 h5 25. Qc3 Bh6 26. Nb6 Nxb6 27. Rxb6 Rd8 28. Bg3 Bf4
29. Nxf4 Nxf4 30. Kh1 Rd7 31. Bxf4 Qxf4 32. g3 Qg5 33. Rg1 Kh6 34. h4 Qd8 35.
Qxe5 f6 36. Qf4+ Kh7 37. Rgb1 Rg7 38. Bf1 Ra7 39. Kh2 Be6 40. Bh3 Bxh3 41. Kxh3
Qd7+ 42. g4 Qe6 43. R6b3 Rf7 44. Rd3 Qd7 45. Kg3 f5 46. exf5 gxf5 47. g5 Ra8 48.
Re1 Re8 49. Rde3 Rxe3 50. Rxe3 Kg6 51. Kf2 Qc8 52. Qc4 f4 53. Re6+ Kg7 54. Qd4+
{Black resigns} 1-0

[Event "Team 45 45 League T53"]
[Site "Internet Chess Club"]
[Date "2012.06.24"]
[Round "6"]
[White "Bonneville"]
[Black "CaoCao"]
[Result "0-1"]
[WhiteElo "1941"]
[BlackElo "1898"]
[Opening "Queen's pawn: Keres defense"]
[ECO "A10"]
[Time "05:48:11"]
[TimeControl "2700+45"]

1. c4 b6 2. d4 e6 3. e4 Bb7 4. Nc3 Bb4 5. e5 Bxc3+ 6. bxc3 Ne7 7. Nf3 d6 8. Bd3
Nd7 9. exd6 cxd6 10. Ba3 Qc7 11. O-O Ng6 12. Re1 Nf4 13. Rb1 Nxd3 14. Qxd3 Rc8
15. Re3 O-O 16. Rbe1 Nf6 17. Nd2 Rfd8 18. Rh3 Ba6 19. Rg3 Bxc4 20. Qf3 Ne8 21.
Nxc4 Qxc4 22. Qe2 Qxe2 23. Rxe2 Rc4 24. h3 Rdc8 25. Bb2 Nc7 26. Ree3 Ra4 27. a3
d5 28. f4 Nb5 29. f5 exf5 30. Re5 f4 {White resigns} 0-1

[Event "Team 45 45 League T53"]
[Site "Internet Chess Club"]
[Date "2012.06.25"]
[Round "6"]
[White "frank001"]
[Black "alexdb"]
[Result "0-1"]
[WhiteElo "1773"]
[BlackElo "1891"]
[Opening "Four knights: Belgrade gambit"]
[ECO "C47"]
[Time "21:09:22"]
[TimeControl "2700+45"]

1. e4 e5 2. Nf3 Nc6 3. Nc3 Nf6 4. d4 exd4 5. Nd5 Nb4 6. Nxd4 Nbxd5 7. exd5 Nxd5
8. Qf3 Ne7 9. Bd3 d5 10. O-O c5 11. Nf5 c4 12. Nxe7 Bxe7 13. Bf5 O-O 14. Rd1
Bxf5 15. Qxf5 d4 16. Bf4 Bf6 17. Qb5 Qc8 18. h3 Rd8 19. Rd2 a6 20. Qb4 b5 21.
Rad1 Qc6 22. a4 bxa4 23. Qa5 Rd5 24. Qb4 Qb5 25. Qa3 Rad8 26. Re1 d3 27. c3 Qb3
28. Qa1 a3 29. Qc1 axb2 30. Rxb2 Qxc3 {White resigns} 0-1

[Event "Team 45 45 League T53"]
[Site "Internet Chess Club"]
[Date "2012.06.24"]
[Round "6"]
[White "CamNewton"]
[Black "AntMantis"]
[Result "1-0"]
[WhiteElo "2207"]
[BlackElo "2050"]
[Opening "Sicilian: Canal-Sokolsky (Nimzovich-Rossolimo, Moscow) attack"]
[ECO "B51"]
[Time "11:17:04"]
[TimeControl "2700+45"]

1. e4 c5 2. Nf3 d6 3. Bb5+ Nc6 4. d4 cxd4 5. Qxd4 Qa5+ 6. Nc3 Qxb5 7. Nxb5 Nxd4
8. Nfxd4 Kd7 9. c4 g6 10. O-O Bg7 11. Rd1 a6 12. Nc3 b6 13. Be3 e6 14. a4 Bb7
15. a5 Rc8 16. Ra4 bxa5 17. c5 Rxc5 18. Nb3 Rc8 19. Nc5+ Kc7 20. Nxb7 Kxb7 21.
Rxd6 Ne7 22. Rb6+ Kc7 23. Rxa6 Rb8 24. Ra7+ Kd8 25. Bf4 Rxb2 26. Rc4 e5 27. Be3
Rb8 28. Bg5 f6 29. Rcc7 Nc8 30. Rxg7 fxg5 31. Rad7+ Ke8 32. f3 Nb6 33. Rde7+ Kf8
34. Rgf7+ Kg8 35. Nb5 Rd8 36. Nc7 Rd7 37. Rg7+ {Black resigns} 1-0

[Event "Team 45 45 League T53"]
[Site "Internet Chess Club"]
[Date "2012.06.25"]
[Round "6"]
[White "BirchRun"]
[Black "jorobo"]
[Result "0-1"]
[WhiteElo "1446"]
[BlackElo "1968"]
[Opening "Levitsky attack (Queen's bishop attack)"]
[ECO "D00"]
[Time "11:00:17"]
[TimeControl "2700+45"]

1. d4 d5 2. Bg5 h6 3. Bh4 c6 4. e3 Qb6 5. Qc1 e5 6. Nf3 e4 7. Nfd2 Bf5 8. c4 Nd7
9. Nc3 Be7 10. Bxe7 Nxe7 11. cxd5 cxd5 12. Bb5 O-O 13. O-O a6 14. Ba4 Be6 15.
Bb3 Rac8 16. Qd1 f5 17. Rc1 Qd6 18. Qe2 b5 19. f3 Nf6 20. fxe4 fxe4 21. h3 b4
22. Na4 Rxc1 23. Rxc1 Bxh3 24. gxh3 Qg3+ 25. Qg2 Qxe3+ 26. Kh2 Ng4+ 27. hxg4 Rf2
28. Rc2 Qxd4 29. Nc5 Rxg2+ 30. Kxg2 e3 31. Nf1 Qxg4+ 32. Ng3 Kh8 33. Nd3 Nf5 34.
Bxd5 Qxg3+ 35. Kh1 e2 36. Rxe2 Qxd3 37. Re8+ Kh7 38. Bb3 Qf1+ 39. Kh2 Qf2+ 40.
Kh1 Ng3# {White checkmated} 0-1

[Event "Team 45 45 League T53"]
[Site "Internet Chess Club"]
[Date "2012.06.23"]
[Round "6"]
[White "azbycx"]
[Black "Nimbus"]
[Result "1-0"]
[WhiteElo "1873"]
[BlackElo "1781"]
[Opening "Neo-Grünfeld, 6.O-O c6"]
[ECO "D78"]
[Time "23:00:08"]
[TimeControl "2700+45"]

1. d4 Nf6 2. Nf3 d5 3. g3 c6 4. Bg2 g6 5. O-O Bg7 6. c4 O-O 7. Nc3 dxc4 8. Ne5
Ng4 9. Nf3 Nd7 10. e4 Nb6 11. e5 Nd5 12. h3 Nh6 13. g4 f6 14. Qe2 Nf7 15. Qxc4
fxe5 16. dxe5 Nc7 17. Rd1 Be6 18. Qe2 Qc8 19. Bf4 Rd8 20. Rxd8+ Qxd8 21. Rd1 Qe8
22. Rd2 Rd8 23. Qd1 Rxd2 24. Qxd2 Nd5 25. Bg3 Qb8 26. Nd4 Nxc3 27. bxc3 Bd5 28.
e6 Nd6 29. Bxd5 cxd5 30. Nb5 Bf8 31. Qxd5 {Black resigns} 1-0

[Event "Team 45 45 League T53"]
[Site "Internet Chess Club"]
[Date "2012.06.25"]
[Round "6"]
[White "koni"]
[Black "phacopawn"]
[Result "0-1"]
[WhiteElo "1872"]
[BlackElo "1754"]
[Opening "Réti: King's Indian attack"]
[ECO "A05"]
[Time "19:02:15"]
[TimeControl "2700+45"]

1. Nf3 Nf6 2. g3 g6 3. Bg2 Bg7 4. O-O O-O 5. d3 d5 6. Nbd2 c5 7. e4 Nc6 8. Re1
Re8 9. c3 e5 10. a3 d4 11. Qc2 Bd7 12. cxd4 cxd4 13. Nc4 Qe7 14. a4 Rac8 15. b3
Na5 16. Ba3 Qd8 17. Qb2 Nxc4 18. bxc4 Qc7 19. a5 Bf8 20. Bxf8 Kxf8 21. Reb1 Rb8
22. Qb4+ Kg7 23. Rb2 Bc6 24. Nd2 Nd7 25. Nb3 b5 26. c5 f5 27. exf5 Bxg2 28. Kxg2
gxf5 29. Rc1 Qc6+ 30. Kg1 Nf6 31. f4 Nd5 32. Qd2 exf4 33. Nxd4 Qf6 34. Nxb5 fxg3
35. d4 Kh8 36. Nd6 Rxb2 37. Qxb2 Rg8 38. Re1 f4 39. Ne4 gxh2+ 40. Kh1 Qg6 41.
Qxh2 Ne3 42. Nd6 Ng4 43. Rg1 Nxh2 44. Rxg6 Rxg6 45. Kxh2 f3 46. Nc4 f2 47. Ne3
Rg1 48. c6 f1=Q 49. Nxf1 Rxf1 50. d5 Rc1 51. Kg3 Rc5 52. c7 Rxc7 53. Kf4 Kg7 54.
Ke5 Kf7 55. Kd6 Rc1 56. Kd7 h5 57. d6 Rd1 58. Kc7 Ke8 59. a6 h4 60. Kb8 Rxd6 61.
Kxa7 Rxa6+ {White resigns} 0-1

[Event "Team 45 45 League T53"]
[Site "Internet Chess Club"]
[Date "2012.06.23"]
[Round "6"]
[White "kllrchris"]
[Black "kabindra"]
[Result "0-1"]
[WhiteElo "1699"]
[BlackElo "1780"]
[Opening "Giuoco Piano"]
[ECO "C54"]
[Time "10:02:40"]
[TimeControl "2700+45"]

1. e4 e5 2. Nf3 Nc6 3. Bc4 Bc5 4. c3 Nf6 5. d3 h6 6. h3 d6 7. Bb3 Bd7 8. Nbd2
Qe7 9. Qe2 Nh5 10. g3 a6 11. Nf1 Na5 12. Bc2 Bb6 13. Be3 Bxe3 14. Nxe3 Nf6 15.
Nh4 g6 16. Nd5 Nxd5 17. exd5 b6 18. O-O-O O-O-O 19. Nf3 f5 20. b4 Nb7 21. a4 Qf7
22. c4 Rhe8 23. Qd2 g5 24. Qc3 Re7 25. Bb3 Rf8 26. Kb1 g4 27. Ne1 gxh3 28. Rxh3
Qg6 29. Qd2 f4 30. Nc2 Bxh3 {White resigns} 0-1